 Dungeon Crawl Stone Soup version 0.27.1-3-gb3d3a73c9e (webtiles) character file.

Game seed: 11660332277311801762

4 MisterFreud the Ducker (level 1, -1/15 HPs)
             Began as a Felid Berserker on Oct 24, 2021.
             Was a Follower of Trog.
             Slain by a ball python (3 damage)
             ... on level 1 of the Dungeon.
             The game lasted 00:00:27 (65 turns).

MisterFreud the Ducker (Felid Berserker)              Turns: 65, Time: 00:00:28

Health: -1/15      AC:  1    Str: 13    XL:     1   Next: 50%
Magic:  2/2        EV: 15    Int:  8    God:    Trog [*.....]
Gold:   0          SH:  0    Dex: 15    Spells: 0/0 levels left
                                        Lives:  0   Deaths: 0

rFire    . . .     SeeInvis +     - Unarmed
rCold    . . .     Faith    .   (shield unavailable)
rNeg     . . .     Spirit   .   (armour unavailable)
rPois    .         Reflect  .   (helmet unavailable)
rElec    .         Harm     .   (cloak unavailable)
rCorr    .         Rampage  .   (gloves unavailable)
Will     .....                  (boots unavailable)
Stlth    ..........             (no amulet)
HPRegen  0.05/turn              (no ring)
MPRegen  0.08/turn              (no ring)

@: berserking (expiring), constricted, very quick
A: very small, claws 1, fangs 3, see invisible, speed 1, shaggy fur 1, stealthy
paws, no weapons or thrown items, no armour, multi-lived
a: Renounce Religion, Berserk


You were on level 1 of the Dungeon.
You worshipped Trog.
Trog was aware of your devotion.
You visited 1 branch of the dungeon, and saw 1 of its levels.

Inventory:

Scrolls
 a - a scroll of silence {unknown}
 b - a scroll of identify {unknown}


   Skills:
 - Level 3.0 Fighting
 - Level 4.0 Dodging
 + Level 1.1 Stealth
 + Level 3.1 Unarmed Combat


You couldn't memorise any spells.
You didn't know any spells.
Your spell library was empty.

Dungeon Overview and Level Annotations

Branches:
Dungeon (1/15)

Altars:


Innate Abilities, Weirdness & Mutations

You have sharp claws.
You have razor-sharp teeth.
You have supernaturally acute eyesight. (SInv)
You cover ground quickly. (Speed+)
You are covered in fur. (AC +1)
Your paws help you pounce on unaware monsters.
You are incapable of wielding weapons or throwing items.
You cannot wear armour.
You gain extra lives every three experience levels.


Message History

The bat is severely wounded.
The bat barely misses you.
You miss the bat.
The bat is moderately wounded.
The bat hits you. The kobold misses you.
You scratch the kobold. Your bite misses the kobold.
The kobold is severely wounded.
The bat completely misses you. The kobold hits you with a +0 whip.
The ball python misses you. The ball python closely misses you.
A red film seems to cover your vision as you go berserk!
You feel yourself moving faster!
You feel mighty! The bat barely misses you. The ball python closely misses you.
The ball python completely misses you. The kobold misses you.
You closely miss the kobold. Your bite misses the kobold.
The kobold is severely wounded.
The bat misses you. The ball python misses you. The ball python grabs you.
The ball python constricts you.
You scratch the kobold.
You kill the kobold!
Trog accepts your kill. The bat barely misses you.
Your Stealth skill increases to level 1!
You claw the bat!
You kill the bat!
Trog accepts your kill. The ball python completely misses you.
The ball python constricts you.
You completely miss the rat. The ball python bites you.
* * * LOW HITPOINT WARNING * * *
The ball python constricts you.
* * * LOW HITPOINT WARNING * * *
Unknown command.
You closely miss the ball python. The rat misses you.
You barely miss the ball python. Your bite misses the ball python.
The ball python misses you. The ball python constricts you.
* * * LOW HITPOINT WARNING * * *
The rat misses you.
You closely miss the ball python. You bite the ball python.
The ball python is almost dead.
The ball python bites you.
You die...

#.#
#..'......⌠...⌠......
#.#
#####...............#
#.# ####.......(.###
#.# ############ #.#
... . #.########.#
#.# #..........#....
####.....S......
#....@r..?[[.
#.....)...###
#######...# ##.# ..
##


You could see a ball python and a rat.

Vanquished Creatures
  A ball python (D:1)
  A kobold (D:1)
  A bat (D:1)
  A rat (D:1)
4 creatures vanquished.

Notes
Turn   | Place    | Note
-------+----------+-------------------------------------------
     0 | D:1      | MisterFreud the Felid Berserker began the quest for the
                  | Orb.
     0 | D:1      | Reached XP level 1. HP: 10/10 MP: 2/2
    61 | D:1      | Reached skill level 1 in Stealth
    65 | D:1      | Slain by a ball python

Illustrated notes

Levels and vault maps discovered:
D:1:      dpeg_arrival_stone_temple_mockup, layout_basic,
          ebering_ecumenical_altar_sacrificial

Skill      XL: |  1 |
---------------+----+-----
Stealth        | 1 |  1.1
Fighting       | |  3.0
Dodging        | |  4.0
Unarmed Combat | |  3.1

Action                   || total
-------------------------++-------
Melee: Unarmed           ||    15
       Bite              ||     1
Invok: Berserk           ||     1
Dodge: Dodged            ||    21
